 Dungeon Sprint DCSS version 0.29-a0-284-gf9362112df (webtiles) character file.

Game seed: 15614721665753606527

5489 mhtbhm the Fencer (level 10, -5/108 HPs)
             Began as a Minotaur Berserker on Mar 30, 2022.
             Was the Champion of Trog.
             Killed by divine providence
             ... invoked by an orc high priest
              (16 damage)
             ... in the Dungeon (Sprint III: "The Ten Rune Challenge").
             The game lasted 00:04:15 (2619 turns).

mhtbhm the Fencer (Minotaur Berserker)              Turns: 2619, Time: 00:04:15

Health: -5/108     AC: 13    Str: 25    XL:     10   Next: 42%
Magic:  9/9        EV: 11    Int:  4    God:    Trog [******]
Gold:   27         SH:  0    Dex: 11    Spells: 9/9 levels left

rFire   . . .      SeeInvis .   a - +0 long sword (holy)
rCold   . . .      Faith    .   (no shield)
rNeg    . . .      Spirit   .   b - +0 chain mail
rPois   .          Reflect  .   (helmet restricted)
rElec   .          Harm     .   (no cloak)
rCorr   .          Rampage  .   (no gloves)
Will    .....      NoTele   +   (no boots)
Stlth   ..........              (no amulet)
HPRegen 0.28/turn               (no ring)
MPRegen 0.11/turn               (no ring)

@: spiked, on berserk cooldown, slowed, very slow
A: horns 2, retaliatory headbutt
a: Renounce Religion, Berserk, Trog's Hand, Brothers in Arms


You were in the Dungeon.
You worshipped Trog.
Trog was exalted by your worship.
You visited 1 branch You collected 27 gold pieces.

Inventory:

Hand Weapons
 a - a +0 long sword of holy wrath (weapon)
Armour
 b - a +0 chain mail (worn)
Wands
 p - a wand of mindburst (12)
Scrolls
 h - a scroll of blinking
 i - a scroll of vulnerability {unknown}
 j - a scroll of holy word {unknown}
 k - 4 scrolls of identify
 m - 2 scrolls of immolation {unknown}
Potions
 c - a potion of curing
 d - 2 potions of heal wounds
 f - 2 potions of magic
 g - a potion of berserk rage
 l - a potion of might
 n - 2 potions of flight
 o - 4 potions of mutation
Miscellaneous
 q - a piece from Xom's chessboard (15/15)


   Skills:
 + Level 16.7 Fighting
 + Level 17.0 Long Blades
 + Level 15.9 Armour
 + Level 7.6 Dodging
 + Level 3.3 Evocations


You had 9 spell levels left.
You didn't know any spells.
Your spell library was empty.

Dungeon Overview and Level Annotations

Branches:
Dungeon (1/1)

Altars:
Cheibriados
Dithmenos
Elyvilon
Fedhas
Gozag
Hepliaklqana
Kikubaaqudgha
Makhleb
Nemelex Xobeh
Okawaru
Qazlal
Ru
Sif Muna
Trog
Uskayaw
Vehumet
Wu Jian
Xom
Yredelemnul
Zin
The Shining One
Beogh
Jiyva
Lugonu


Innate Abilities, Weirdness & Mutations

You have a pair of horns on your head.
You reflexively headbutt those who attack you in melee.


Message History

The orc is heavily wounded.
The orc barely misses you. The orc hits you but does no damage.
Unknown command.
Aiming: Mindburst
Press: ? - help, Shift-Dir - straight line, f - orc
Aim: an orc, wielding a +0 short sword (heavily wounded, chance to affect: 88%)
The orc's mind is blasted!!
You blow up the orc!
Trog accepts your kill. The orc hits you but does no damage.
The orc high priest prays to Beogh.
The orc closely misses you.
Unknown command.
Aiming: Mindburst
Press: ? - help, Shift-Dir - straight line, f - orc high priest
Aim: an orc high priest, wielding a +0 flail (chance to affect: 44%)
The orc high priest resists with some effort.
The orc high priest barely misses you. The orc hits you but does no damage.
The neqoxec hits you.
* * * LOW HITPOINT WARNING * * *
The neqoxec barely misses you.
Unknown command.
Aiming: Mindburst
Press: ? - help, Shift-Dir - straight line, f/p - orc high priest
Aim: an orc high priest, wielding a +0 flail (chance to affect: 44%)
The orc high priest resists with some effort.
The orc closely misses you.
The orc high priest hits you but does no damage.
An orc comes into view. It is wielding a +0 whip.
The neqoxec gestures at you.
Something tries to feed on your intellect!
The neqoxec hits you but does no damage.
The red devil hits you from afar with a +0 demon trident!
* * * LOW HITPOINT WARNING * * *
Barbed spikes become lodged in your body.
The orc closely misses you.
The orc high priest mumbles some strange prayers.
The orc high priest invokes the aid of Beogh against you.
Beogh smites you!
You die...

▓▓▓ ▓▓▓▓ ##.#############$#$## #
##..#___#___#__#$$$$o#.$
.#..#..)#__.#._#$$....o.
.#..###'#)###)##$o.o....
'#..#..........#oo......
#...'.⌠........#4##
#...#...######'#oo#
....#.⌠.#__#...#@################
....#...#__#...#33§§≈).#.'...'.#.
....#)###__#...#.#§§≈#.#.#.).##.#
....#.:.#__#...'.#§§.#.#.#.).#.#.
....#___#__'...#.#§§§#...#)..##.#
▓▓▓▓▓▓▓▓▓▓▓▓▓▓▓▓▓▓▓▓▓▓▓▓▓▓▓▓▓#.#.
♣.....♣♣♣♣≈≈≈........≈≈≈...##.#
♣.≈≈≈≈'♣♣'♣≈≈≈≈≈≈≈≈≈≈≈≈♣♣..'.#.
+.....#.≈♣♣♣♣♣♣♣♣♣♣♣♣♣♣♣♣..##.#


You could see an orc knight, an orc high priest, 2 neqoxecs, a red devil
(summoned) and 3 orcs.

Vanquished Creatures
  Snorg (D)
  A centaur warrior (D)
  An orc knight (D)
  A deep elf pyromancer (D)
  2 cane toads (D)
  A rime drake (D)
  A komodo dragon (D)
  An unseen horror (D)
  A shadow (D)
  3 wandering mushrooms (D)
  A redback (D)
  A spatial vortex (D)
  2 orc warriors (D)
  A swamp drake (D)
  2 centaurs (D)
  An earth elemental (D)
  A necrophage (D)
  A scorpion (D)
  A water elemental (D)
  A jelly (D)
  An orc priest (D)
  Jessica (D)
  A wizard (D)
  A necromancer (D)
  An orc wizard (D)
  3 humans (D)
  A kobold demonologist (D)
  8 orcs (D)
  3 rats (D)
45 creatures vanquished.

Vanquished Creatures (others)
  A ballistomycete spore (D)
  2 plants (D)
3 creatures vanquished.

Grand Total: 48 creatures vanquished

Notes
Turn   | Place    | Note
-------+----------+-------------------------------------------
     0 | D        | mhtbhm the Minotaur Berserker began the quest for the Orb.
     0 | D        | Reached XP level 1. HP: 19/19 MP: 0/0
    12 | D        | Reached skill level 4 in Long Blades
    43 | D        | Reached ** piety under Trog
    51 | D        | Noticed Jessica
    57 | D        | Killed Jessica
    58 | D        | Reached skill level 5 in Fighting
    58 | D        | Reached skill level 5 in Long Blades
    58 | D        | Reached XP level 2. HP: 30/30 MP: 1/1
    63 | D        | Noticed a scorpion
    71 | D        | Killed a scorpion
    72 | D        | Reached skill level 7 in Long Blades
    72 | D        | Reached XP level 3. HP: 39/39 MP: 2/2
    72 | D        | Reached XP level 4. HP: 47/47 MP: 3/3
   214 | D        | Noticed a water elemental
   219 | D        | Killed a water elemental
   219 | D        | Reached *** piety under Trog
   220 | D        | Reached skill level 8 in Long Blades
   220 | D        | Reached skill level 5 in Armour
   220 | D        | Reached XP level 5. HP: 56/56 MP: 4/4
   297 | D        | Found a basalt altar of Yredelemnul.
   297 | D        | Found a shadowy altar of Dithmenos.
   297 | D        | Found a sacrificial altar of Ru.
   304 | D        | Reached skill level 9 in Long Blades
   307 | D        | Reached skill level 10 in Long Blades
   362 | D        | Found a glowing silver altar of Zin.
   362 | D        | Found a glowing golden altar of the Shining One.
   362 | D        | Found a white marble altar of Elyvilon.
   362 | D        | Noticed a deep elf pyromancer
   370 | D        | Killed a deep elf pyromancer
   370 | D        | Reached **** piety under Trog
   371 | D        | Reached skill level 12 in Long Blades
   371 | D        | Reached skill level 5 in Dodging
   371 | D        | Reached XP level 6. HP: 33/70 MP: 5/5
   371 | D        | Reached XP level 7. HP: 35/75 MP: 6/6
   547 | D        | Found a hide-covered altar of Uskayaw.
   547 | D        | Found an iron altar of Okawaru.
   547 | D        | Found a bloodstained altar of Trog.
   547 | D        | Found an ornate altar of the Wu Jian Council.
   547 | D        | Noticed a human
   548 | D        | Noticed a human
   552 | D        | Killed a human
   553 | D        | Reached skill level 13 in Long Blades
   564 | D        | Killed a human
   666 | D        | Noticed a shadow
   684 | D        | Killed a shadow
   685 | D        | Reached XP level 8. HP: 58/86 MP: 7/7
   687 | D        | Reached ***** piety under Trog
   823 | D        | Found a blossoming altar of Fedhas.
   823 | D        | Found a stormy altar of Qazlal.
   823 | D        | Found a snail-covered altar of Cheibriados.
   823 | D        | Found a burning altar of Makhleb.
   823 | D        | Found a shimmering altar of Xom.
   824 | D        | Found a hazy altar of Hepliaklqana.
   824 | D        | Found an opulent altar of Gozag.
   824 | D        | Found a sparkling altar of Nemelex Xobeh.
   824 | D        | Found a corrupted altar of Lugonu.
   824 | D        | Found a viscous altar of Jiyva.
   915 | D        | Noticed Snorg
   966 | D        | Killed Snorg
   967 | D        | Reached skill level 14 in Long Blades
   967 | D        | Reached skill level 1 in Evocations
  1110 | D        | Found a radiant altar of Vehumet.
  1110 | D        | Found a shimmering blue altar of Sif Muna.
  1110 | D        | Found an ancient bone altar of Kikubaaqudgha.
  1262 | D        | Received a gift from Trog
  1263 | D        | Reached XP level 9. HP: 82/95 MP: 8/8
  1417 | D        | Noticed a centaur warrior
  1421 | D        | Reached skill level 15 in Long Blades
  1428 | D        | Killed a centaur warrior
  1435 | D        | Reached skill level 15 in Fighting
  1668 | D        | Killed an unseen horror
  1831 | D        | Noticed a wandering mushroom
  1839 | D        | Noticed a wandering mushroom
  1858 | D        | Noticed a wandering mushroom
  1999 | D        | Reached skill level 16 in Long Blades
  2050 | D        | Noticed a cane toad
  2050 | D        | Noticed a komodo dragon
  2050 | D        | Noticed a cane toad
  2059 | D        | Killed a cane toad
  2059 | D        | Reached ****** piety under Trog
  2068 | D        | Killed a komodo dragon
  2069 | D        | Reached XP level 10. HP: 107/107 MP: 9/9
  2072 | D        | Killed a cane toad
  2165 | D        | Reached skill level 15 in Armour
  2574 | D        | Noticed an orc knight
  2583 | D        | Killed an orc knight
  2594 | D        | Noticed an orc high priest
  2598 | D        | Received a gift from Trog
  2599 | D        | Reached skill level 17 in Long Blades
  2611 | D        | Noticed an orc knight
  2619 | D        | Killed from afar by an orc high priest

Illustrated notes

Levels and vault maps discovered:
D:        dungeon_sprint_mu [sprint_mu_entry_cave, sprint_mu_temple_rooms,
          sprint_mu_d1_horrors, sprint_mu_d2_genie, sprint_mu_d3_branching,
          sprint_mu_orc_legion, sprint_mu_elf_gauntlet, sprint_mu_hive_nellie,
          sprint_mu_lair_fedhas, sprint_mu_vaults_butterflies,
          sprint_mu_slime_circle, sprint_mu_shoals_archi,
          sprint_mu_snake_twists, sprint_mu_blade_basic,
          sprint_mu_crypt_chambers, sprint_mu_tomb_spiral,
          sprint_mu_vestibule_basic, sprint_mu_gehenna_hellfire,
          sprint_mu_dis_giant, sprint_mu_tartarus_statrot,
          sprint_mu_cocytus_islands, sprint_mu_zot1]

Skill      XL: |  1  2  3  4  5  6  7  8  9 10 |
---------------+-------------------------------+-----
Fighting       | 5 7 8 11 13 14 15 16 | 16.7
Long Blades    | 5 7 8 12 13 14 16 17 | 17.0
Armour         | 3 4 5 7 9 11 14 15 | 15.9
Dodging        | 3 4 5 6 7 |  7.6
Evocations     | 1 3 |  3.3

Action                   |  1- 3 |  4- 6 |  7- 9 | 10-12 || total
-------------------------+-------+-------+-------+-------++-------
Melee: Falchion          |    13 |    31 |       |       ||    44
       Headbutt          |     1 |     5 |    32 |    12 ||    50
       Long sword        |       |       |   142 |    61 ||   203
       Punch             |       |       |     1 |     1 ||     2
Invok: Berserk           |     1 |     2 |     5 |     1 ||     9
Evoke: Wand              |       |     1 |     3 |     3 ||     7
       Piece from Xom's  |       |       |     2 |       ||     2
  Use: Potion            |       |       |     2 |       ||     2
Armor: Chain mail        |     2 |     6 |    46 |    21 ||    75
Dodge: Dodged            |     2 |     4 |    35 |    29 ||    70

Table legend: (Time is in decaauts)
 A = Elapsed time spent in this place.
 B = Non-inter-level travel time spent in this place.
 C = Inter-level travel time spent in this place.
 D = Time resting spent in this place.
 E = Time spent auto-exploring this place.
 F = Levels seen in this place.
 G = Mean time per level.
                   A        B        C        D        E       F      G
               +--------+--------+--------+--------+--------+-----+--------+
         Total |   2608 |   2608 |      0 |   1986 |     24 |   1 | 2608.0 |
       Dungeon |   2608 |   2608 |      0 |   1986 |     24 |   1 | 2608.0 |
               +--------+--------+--------+--------+--------+-----+--------+

Top non-repeatable levels by time:
       D: 2608 daAuts
